 Dungeon Crawl Stone Soup version 0.17-a0-2027-gcac42c4 (webtiles) character file.

469 Conn321 the Purveyor of Pain (level 7, -3/51 HPs)
             Began as a Hill Orc Necromancer on Oct 11, 2015.
             Was an Initiate of Kikubaaqudgha.
             Slain by a centaur (10 damage)
             ... on level 5 of the Dungeon.
             The game lasted 00:24:49 (4569 turns).

Conn321 the Purveyor of Pain (Hill Orc Necromancer) Turns: 4569, Time: 00:24:49

Health: -3/51      AC:  4    Str: 11    XL:     7   Next: 9%
Magic:  1/12       EV: 12    Int: 17    God:    Kikubaaqudgha [......]
Gold:   133        SH:  0    Dex: 11    Spells: 6 memorised, 0 levels left

rFire  . . .     SeeInvis .     r - +3 dagger (speed)
rCold  . . .     Clarity  .     a - +0 robe
rNeg   . . .     SustAt   .     (no shield)
rPois  .         Gourm    .     e - +0 helmet
rElec  .         Spirit   .     (no cloak)
rCorr  .         Warding  .     C - +0 pair of gloves
rMut   .         Stasis   .     (no boots)
MR     .....                    (no amulet)
Stlth  +.........               (no ring)
                                (no ring)

@: very slightly contaminated, glowing, not resistant to hostile enchantments,
very unstealthy
A: no striking features
a: Renounce Religion


You were on level 5 of the Dungeon.
You worshipped Kikubaaqudgha.
Kikubaaqudgha was noncommittal.
You were hungry.

You visited 2 branches of the dungeon, and saw 6 of its levels.

You collected 276 gold pieces.
You spent 143 gold pieces at shops.

Inventory:

Hand Weapons
 g - a +0 spear
 j - a +0 short sword
 r - a +3 dagger of speed (weapon)
 s - a -1 short sword
Missiles
 i - 104 bolts
 k - 84 stones
 l - 92 arrows
 u - 61 sling bullets
 E - 2 tomahawks (quivered)
Armour
 a - a +0 robe (worn)
 e - a +0 helmet (worn)
 x - a +0 robe
 C - a +0 pair of gloves (worn)
 J - a +0 ring mail of poison resistance
Scrolls
 d - 3 scrolls of amnesia
 h - 4 scrolls of identify
 n - 2 scrolls of immolation
 w - a scroll of remove curse
 y - 2 scrolls of enchant armour {unknown}
 z - 4 scrolls of teleportation {unknown}
 B - a scroll of fog {unknown}
 G - a scroll of blinking
 I - a scroll of magic mapping
 M - 3 scrolls of enchant weapon
Potions
 f - a potion of lignification {unknown}
 m - a potion of agility
 q - 2 potions of curing
 A - 2 potions of might {unknown}
 F - a potion of resistance {unknown}
 K - 2 potions of invisibility {unknown}
 N - a potion of haste {unknown}
Books
 b - a book of Necromancy

   Spells                             Type                      Level
   a - Pain                           Necromancy                   1
   b - Animate Skeleton               Necromancy                   1
   c - Vampiric Draining              Necromancy                   3
   d - Regeneration                   Charms/Necromancy            3
   e - Animate Dead                   Necromancy                   4
   f - Control Undead                 Necromancy                   4
 D - a book of Conjurations

   Spells                             Type                      Level
   a - Magic Dart                     Conjuration                  1
   b - Searing Ray                    Conjuration                  2
   c - Dazzling Spray                 Conjuration/Hexes            3
   d - Fulminant Prism                Conjuration/Hexes            4
   e - Iskenderun's Mystic Blast      Conjuration                  4
   f - Iskenderun's Battlesphere      Conjuration/Charms           5
 H - a Necronomicon

   Spells                             Type                      Level
   a - Haunt                          Necromancy/Summoning         7
   b - Borgnjor's Revivification      Necromancy                   8
   c - Death's Door                   Charms/Necromancy            8
   d - Necromutation                  Transmutation/Necromancy     8
Comestibles
 c - 4 bread rations
 o - 3 royal jellies
 p - 2 meat rations
 t - a slice of pizza
 v - 3 fruits


   Skills:
 + Level 0.8 Fighting
 + Level 0.2 Short Blades
 + Level 2.2 Dodging
 + Level 1.8 Stealth
 + Level 3.9 Spellcasting
 + Level 0.2 Conjurations
 * Level 6.1 Necromancy


You couldn't memorise any spells.
You knew the following spells:

 Your Spells              Type           Power        Failure   Level  Hunger
a - Pain                  Necr           ###.         1%          1    None
b - Animate Skeleton      Necr           N/A          1%          1    None
c - Vampiric Draining     Necr           ###.......   4%          3    ###....
d - Magic Dart            Conj           #...         17%         1    None
e - Animate Dead          Necr           N/A          14%         4    ####...
f - Dazzling Spray        Conj/Hex       #.......     47%         3    ###....


Dungeon Overview and Level Annotations

Branches:
Dungeon (5/15)             Temple (1/1) D:5

Altars:
Ashenzari
Cheibriados
Dithmenos
Elyvilon
Fedhas
Gozag
Kikubaaqudgha
Makhleb
Nemelex Xobeh
Okawaru
Qazlal
Ru
Sif Muna
Trog
Xom
Yredelemnul
Zin
The Shining One

Shops:
D:5 !

Annotations:
D:4 graki42's ghost, novice NaTm


Message History

The centaur hits you.
* * * LOW HITPOINT WARNING * * *
Drink which item? (? for menu, Esc to quit)
You feel better. The centaur hits you. The centaur hits you.
* * * LOW HITPOINT WARNING * * *
You closely miss the centaur.
The centaur is heavily wounded.
The centaur closely misses you.
You hit the centaur.
The centaur is severely wounded.
The centaur closely misses you.
You hit the centaur.
The centaur is severely wounded.
The centaur hits you.
* * * LOW HITPOINT WARNING * * *
You barely miss the centaur.
The centaur is severely wounded.
The centaur hits you!
You die...
Kikubaaqudgha rasps: "You have failed me!
Welcome... death!"

#...... #..# ##### #.....)
##..# #...# # #......
#...####...# # #......
#####.#........# #
#.....c####......####....###
#......(.((.................
#......####(.....#####...##.
#...... #c.....# #...##.
#...... #@.....## #....#.
###.### #.......####....#.
#. #..........#.##.#. #
#......##.........
#####.(######.........
#......# #......... #.....<#
#......... #......#
#......... #......#
#.........


You could see a centaur.

Vanquished Creatures
  A phantom (D:5)
  2 iguanas
  A jelly (D:5)
  Natasha (thrice) (D:3)
  2 worker ants
  8 adders
  An ooze (D:1)
  2 adder skeletons
  4 worms
  2 giant geckos
  3 orcs (D:4)
  5 giant cockroaches
  9 goblins
  3 hobgoblins
  7 jackals
  3 quokkas
  A ball python (D:4)
  A ball python skeleton (D:5)
  5 bats
  A giant gecko skeleton (D:5)
  A giant newt (D:2)
  9 kobolds
  9 rats
83 creatures vanquished.

Vanquished Creatures (collateral kills)
  A centaur skeleton (D:4)
  2 adders (D:2)
  A bat (D:2)
  A hobgoblin (D:2)
  A rat (D:2)
6 creatures vanquished.

Grand Total: 89 creatures vanquished

Notes
Turn   | Place    | Note
--------------------------------------------------------------
     0 | D:1      | Conn321 the Hill Orc Necromancer began the quest for the Orb.
     0 | D:1      | Reached XP level 1. HP: 14/14 MP: 3/3
   443 | D:1      | Reached XP level 2. HP: 12/20 MP: 0/4
  1062 | D:2      | Reached XP level 3. HP: 20/26 MP: 0/5
  1080 | D:2      | Learned a level 1 spell: Animate Skeleton
  1084 | D:2      | Learned a level 3 spell: Vampiric Draining
  1554 | D:2      | Reached XP level 4. HP: 33/33 MP: 5/7
  1972 | D:3      | Reached skill level 5 in Necromancy
  1995 | D:3      | Noticed Natasha
  2010 | D:3      | Killed Natasha
  2010 | D:3      | Reached XP level 5. HP: 6/38 MP: 0/9
  2281 | D:3      | Noticed Natasha
  2291 | D:3      | Killed Natasha
  2659 | D:3      | Noticed Natasha
  2668 | D:3      | Killed Natasha
  2801 | D:3      | Your ally Natasha died
  2949 | D:4      | Reached XP level 6. HP: 33/46 MP: 2/10
  3004 | D:4      | Learned a level 1 spell: Magic Dart
  3009 | D:4      | Learned a level 4 spell: Animate Dead
  3058 | D:4      | Noticed graki42's ghost (novice NaTm)
  3825 | D:5      | Entered Level 5 of the Dungeon
  3889 | D:5      | Reached skill level 6 in Necromancy
  4097 | D:5      | Reached XP level 7. HP: 45/51 MP: 8/12
  4111 | D:5      | Found Ydur's Distillery.
  4131 | D:5      | Bought a potion of curing for 39 gold pieces
  4131 | D:5      | Bought a potion of heal wounds for 65 gold pieces
  4131 | D:5      | Bought a potion of curing for 39 gold pieces
  4143 | D:5      | Found a staircase to the Ecumenical Temple.
  4160 | Temple   | Entered the Ecumenical Temple
  4204 | Temple   | Became a worshipper of Kikubaaqudgha
  4209 | Temple   | Learned a level 3 spell: Dazzling Spray
  4569 | D:5      | Slain by a centaur

Vault maps used:
D:1:      minmay_arrival_hallway, serial_forest, infiniplex_forest_straight_3,
          infiniplex_forest_lined_room_2, infiniplex_forest_lined_ring,
          infiniplex_forest_fountain, infiniplex_forest_lined_3_way,
          infiniplex_forest_corner_1, infiniplex_forest_end_2,
          infiniplex_forest_zigzag_1, infiniplex_forest_clump_medium,
          infiniplex_forest_lined_room_, hangedman_decor_points,
          grunt_decor_resistance
D:2:      first_bread
D:3:      wad_floor_pattern_untrapped, uniq_natasha
D:5:      minmay_temple_entry_grid, serial_shops, shop
Temple:   kilobyte_greek_temple_18

Action                   |  1- 3 |  4- 6 |  7- 9 || total
-------------------------+-------+-------+-------++-------
Melee: Spear             |    18 |       |       ||    18
       Dagger            |    14 |   109 |    13 ||   136
 Cast: Pain              |    43 |   110 |    11 ||   164
       Animate Skeleton  |     8 |    13 |       ||    21
       Magic Dart        |       |    23 |    15 ||    38
       Animate Dead      |       |     2 |       ||     2
  Use: Scroll            |     9 |     1 |       ||    10
       Potion            |       |     1 |     3 ||     4
 Stab: Sleeping          |     1 |     3 |       ||     4
  Eat: Chunk             |     2 |    10 |     1 ||    13
